 Dungeon Crawl Stone Soup version 0.30-a0-782-ge64f9170bb (webtiles) character file.

Game seed: 576293647810804892

86 funkygono the Covered (level 4, -13/40 HPs)
             Began as a Minotaur Fighter on Mar 15, 2023.
             Mangled by an ogre
             ... wielding a +0 giant club
              (18 damage)
             ... on level 4 of the Dungeon.
             The game lasted 00:03:11 (2380 turns).

funkygono the Covered (Minotaur Fighter)            Turns: 2380, Time: 00:03:12

Health: -13/40     AC:  9    Str: 23    XL:     4   Next: 26%
Magic:  3/3        EV:  8    Int:  5    God:
Gold:   97         SH:  4    Dex:  9    Spells: 3/3 levels left

rFire   . . .      SeeInvis .    a - +0 war axe
rCold   . . .      Faith    .    c - +0 buckler
rNeg    . . .      Spirit   .    u - +0 chain mail
rPois   .          Reflect  .    (helmet restricted)
rElec   .          Harm     .    (no cloak)
rCorr   .          Rampage  .    (no gloves)
Will    .....                    (no boots) Stlth
                                 q - amulet of the acrobat
HPRegen 0.26/turn                (no ring)
MPRegen 0.08/turn                (no ring)

@: no status effects
A: horns 2, retaliatory headbutt
a: no special abilities


You were on level 4 of the Dungeon.
You visited 1 branch of the dungeon, and saw 4 of its levels.

You collected 97 gold pieces.

Inventory:

Hand Weapons
 a - a +0 war axe (weapon)
Missiles
 e - 15 poisoned darts (quivered)
 r - 5 boomerangs
Armour
 c - a +0 buckler (worn)
 n - a +3 leather armour
 u - a +0 chain mail (worn)
Jewellery
 m - an amulet of magic regeneration
 q - an amulet of the acrobat (around neck)
Wands
 j - a wand of paralysis (9)
 t - a wand of flame (44)
Scrolls
 g - a scroll of enchant weapon {unknown}
 h - a scroll of fog {unknown}
 l - a scroll of fear {unknown}
 p - 3 scrolls of identify {unknown}
Potions
 d - a potion of might
 f - 2 potions of curing {unknown}
 i - a potion of cancellation {unknown}
 k - 3 potions of lignification {unknown}
 o - 2 potions of attraction {unknown}
 s - a potion of degeneration {unknown}


   Skills:
 + Level 4.2 Fighting
 + Level 3.4 Axes
 + Level 4.4 Armour
 + Level 1.4 Dodging
 + Level 4.1 Shields


You had 3 spell levels left.
You didn't know any spells.
Your spell library contained the following spells:

 Spells                   Type           Power      Damage    Failure   Level
 Gell's Gravitas          Tloc           0%         N/A       100%        3
 Teleport Other           Tloc           0%         N/A       100%        3
 Dispersal                Tloc           0%         N/A       100%        6


Dungeon Overview and Level Annotations

Branches:
Dungeon (4/15)
 Temple: D:4-7

Altars:
Vehumet

Annotations:
D:3 2 transporters, Flippered's ghost, amateur HOFi


Innate Abilities, Weirdness & Mutations

You have a pair of horns on your head.
You reflexively headbutt those who attack you in melee.


Message History

You kill the kobold!
Things that are here:
a +0 club; 3 stones You see here a +0 mace.
You open the door.
There is an open door here.
Found 10 gold pieces.
You now have 97 gold pieces (gained 10).
You hear the slow hiss of an avalanche of sand nearby.
Found a stone staircase leading up.
You hear the slow hiss of a distant avalanche of sand.
There is an open door here.
Things that are here:
a +0 club; 3 stones
There is an open door here.
You open the door.
There is an open door here.
An ogre comes into view. It is wielding a +0 giant club.
The ogre shouts!
You hear an angry hiss.
A quokka comes into view.
The ogre barely misses you. You furiously retaliate!
You headbutt the ogre. You hit the ogre but do no damage.
The ogre is lightly wounded.
The ogre hits you with a +0 giant club!
You barely miss the ogre.
The ogre is lightly wounded.
You barely miss the ogre.
The ogre is lightly wounded.
The ogre hits you with a +0 giant club!
You slash the ogre! Your headbutt misses the ogre.
The ogre is heavily wounded.
The ogre hits you with a +0 giant club!!
* * * LOW HITPOINT WARNING * * *
You slash the ogre! Your headbutt misses the ogre.
The ogre is almost dead.
The ogre barely misses you.
You barely miss the ogre.
The ogre is almost dead.
The ogre hits you with a +0 giant club!!
You die...

... ...
..# #.#
#.# #r#
#O# #@#
#######.##
#........#
#........#
#........#
#........#
#........#
#........#
#........#


You could see an ogre and a quokka.

Vanquished Creatures
  2 adders (D:3)
  A worm (D:3)
  8 bats
  3 endoplasms
  3 giant cockroaches
  A goblin (D:3)
  9 hobgoblins
  4 jackals (D:1)
  2 quokkas
  11 ball pythons
  3 frilled lizards
  4 kobolds
  10 rats
61 creatures vanquished.

Vanquished Creatures (others)
  6 plants (D:3)
6 creatures vanquished.

Grand Total: 67 creatures vanquished

Notes
Turn   | Place    | Note
-------+----------+-------------------------------------------
     0 | D:1      | funkygono the Minotaur Fighter began the quest for the Orb.
     0 | D:1      | Reached XP level 1. HP: 19/19 MP: 0/0
   167 | D:1      | Reached XP level 2. HP: 26/27 MP: 1/1
   390 | D:1      | Reached XP level 3. HP: 31/33 MP: 2/2
  1499 | D:3      | Found a transporter.
  1501 | D:3      | Reached skill level 1 in Dodging
  1506 | D:3      | Found a transporter.
  1610 | D:3      | Reached XP level 4. HP: 38/40 MP: 3/3
  1746 | D:3      | Found a radiant altar of Vehumet.
  1926 | D:3      | Identified the ring of Peank {Fire Dex+2}
  2016 | D:3      | Noticed Flippered's ghost (amateur HOFi)
  2371 | D:4      | Noticed an ogre
  2380 | D:4      | Mangled by an ogre

Illustrated notes

Levels and vault maps discovered:
D:1:      grunt_arrival_lava_bath, layout_loops_ring
D:2:      layout_basic
D:3:      layout_loops_ring, vehumet_altar_wand_db,
          gammafunk_ghost_gnarly_gnolls
D:4:      layout_basic, enter_ossuary_2, uniq_natasha

Skill      XL: |  1  2  3 |
---------------+----------+-----
Fighting       | 4 |  4.2
Shields        | 4 |  4.1
Armour         | 4 |  4.4
Axes           | 3 |  3.4
Dodging        | 1 |  1.4

Action                     |  1- 3 |  4- 6 || total
---------------------------+-------+-------++-------
  Melee: War axe           |    93 |    19 ||   112
         Headbutt          |     4 |     1 ||     5
 Armour: Scale mail        |    57 |       ||    57
         Chain mail        |       |     3 ||     3
  Dodge: Dodged            |    70 |    12 ||    82
  Block: Buckler           |    29 |     4 ||    33

Table legend: (Time is in decaauts)
 A = Elapsed time spent in this place.
 B = Non-inter-level travel time spent in this place.
 C = Inter-level travel time spent in this place.
 D = Time resting spent in this place.
 E = Time spent auto-exploring this place.
 F = Levels seen in this place.
 G = Mean time per level.
                   A        B        C        D        E       F      G
               +--------+--------+--------+--------+--------+-----+--------+
         Total |   2423 |   2329 |     94 |     75 |   1648 |   4 |  605.8 |
       Dungeon |   2423 |   2329 |     94 |     75 |   1648 |   4 |  605.8 |
               +--------+--------+--------+--------+--------+-----+--------+

Top non-repeatable levels by time:
     D:2: 792 daAuts
     D:3: 715 daAuts
     D:1: 666 daAuts
     D:4: 249 daAuts
